[Event "Vezerkepzo GM October 2021"]
[Site "Budapest"]
[Date "2021.10.14"]
[Round "1.1"]
[White "Krishna C R G"]
[Black "Srihari L R"]
[Result "1/2-1/2"]
[ECO "D02"]
[WhiteElo "2478"]
[BlackElo "2414"]
[Annotator "ChessBase"]
[PlyCount "135"]
[EventDate "2021.10.14"]
[EventCountry "HUN"]
[SourceTitle "playchess.com"]
[Source "ChessBase"]
[SourceQuality "1"]
[TimeControl "40/5400+30:1800+30"]

1. d4 d5 2. Nf3 Nf6 3. c4 e6 4. e3 c5 5. Nc3 Nc6 6. a3 dxc4 7. Bxc4 a6 8. O-O b5 9. Ba2 Bb7 10. d5 exd5 11. Nxd5 Nxd5 12. Bxd5 Be7 13. Ne5 Nxe5 14. Bxb7 Ra7 15. Qxd8+ Bxd8 16. Bd5 Bf6 17. a4 Rd7 18. e4 O-O 19. axb5 axb5 20. Ra5 Rb8 21. Bf4 h6 22. b3 c4 23. bxc4 bxc4 24. Bxe5 Bxe5 25. Bxc4 Bd4 26. h4 Re7 27. Bd5 Rb2 28. Ra8+ Kh7 29. h5 g6 30. hxg6+ Kxg6 31. Rg8+ Kh7 32. Rg3 Rc7 33. Rf3 f6 34. Rd1 Be5 35. g3 Rcc2 36. Be6 Rd2 37. Bf5+ Kg7 38. Rd3 Rxd1+ 39. Rxd1 Rb3 40. Rd7+ Kf8 41. Bg4 Rb4 42. Bf5 Rb3 43. Kf1 Rb1+ 44. Ke2 Rb2+ 45. Kf3 Bc3 46. Rd8+ Kf7 47. Rd7+ Kf8 48. Rd1 Rd2 49. Rf1 Bd4 50. Be6 h5 51. Bc4 Kg7 52. Be2 Kh6 53. Rh1 Kg6 54. Rh4 Rb2 55. Rf4 Rc2 56. Rf5 Rc5 57. Rf4 Rc2 58. Rh4 Ra2 59. Rh1 Ra1 60. Bd1 Ra2 61. Rf1 Kg5 62. Be2 Ra1 63. Bd1 Ra2 64. Bb3 Ra3 65. Rb1 h4 66. gxh4+ Kxh4 67. Kg2 Ra1 68. Rxa1 1/2-1/2

[Event "Vezerkepzo GM October 2021"]
[Site "Budapest"]
[Date "2021.10.14"]
[Round "1.2"]
[White "Nitish Belurkar"]
[Black "Fogarasi, Tibor"]
[Result "1-0"]
[ECO "B40"]
[WhiteElo "2351"]
[BlackElo "2333"]
[Annotator "NA"]
[PlyCount "49"]
[EventDate "2021.10.14"]
[EventCountry "HUN"]
[SourceTitle "playchess.com"]
[Source "ChessBase"]
[SourceQuality "1"]
[TimeControl "40/5400+30:1800+30"]

1. e4 c5 2. Nf3 e6 3. c3 d5 4. exd5 Qxd5 5. d4 Nf6 6. Na3 Qd8 7. Be3 Nd5 8. Nc4 cxd4 9. Bxd4 Nc6 10. Nce5 Bd7 11. Nxd7 Qxd7 12. Bb5 f6 13. O-O a6 14. Ba4 Be7 15. Qe2 e5 16. Bxe5 b5 17. Bb3 fxe5 18. Rad1 Nf4 19. Qe4 Bd6 20. Nxe5 Nxe5 21. Qxa8+ Ke7 22. Qxh8 Qg4 23. Qa8 Bc7 24. Kh1 Nfd3 25. Qb7 1-0

[Event "Vezerkepzo GM October 2021"]
[Site "Budapest"]
[Date "2021.10.14"]
[Round "1.4"]
[White "Sheng, Joshua"]
[Black "Galyas, Miklos"]
[Result "1-0"]
[ECO "B07"]
[WhiteElo "2464"]
[BlackElo "2449"]
[Annotator "ChessBase"]
[PlyCount "63"]
[EventDate "2021.10.14"]
[EventCountry "HUN"]
[SourceTitle "playchess.com"]
[Source "ChessBase"]
[SourceQuality "1"]
[TimeControl "40/5400+30:1800+30"]

1. e4 d6 2. d4 Nf6 3. Nc3 g6 4. Be3 a6 5. Qd2 b5 6. f3 Nbd7 7. O-O-O Nb6 8. h4 h5 9. Nh3 Bxh3 10. Rxh3 Bg7 11. Bd3 Nfd7 12. f4 b4 13. Nd5 Nxd5 14. exd5 Nb6 15. Qxb4 Nxd5 16. Qc4 e6 17. Be4 Nxe3 18. Rxe3 Rb8 19. Bc6+ Kf8 20. Rb3 Rxb3 21. Qxb3 Bf6 22. g3 Kg7 23. Qc4 d5 24. Qxa6 Qd6 25. Qb5 Rc8 26. a4 Qf8 27. a5 Rb8 28. Bb7 c6 29. Qxc6 Qb4 30. a6 Bxd4 31. Rxd4 Qxd4 32. Qc3 1-0

[Event "Vezerkepzo GM October 2021"]
[Site "Budapest"]
[Date "2021.10.15"]
[Round "2.2"]
[White "Galyas, Miklos"]
[Black "Pap, Misa"]
[Result "1-0"]
[ECO "A37"]
[WhiteElo "2449"]
[BlackElo "2397"]
[Annotator "NA"]
[PlyCount "125"]
[EventDate "2021.10.14"]
[EventCountry "HUN"]
[SourceTitle "playchess.com"]
[Source "ChessBase"]
[SourceQuality "1"]
[TimeControl "40/5400+30:1800+30"]

1. c4 c5 2. g3 g6 3. Bg2 Bg7 4. Nc3 Nc6 5. Nf3 d6 6. O-O e6 7. e3 Nge7 8. d4 O-O 9. Re1 {[%emt 0:00:18] now scores much better than the old 9.b3.} Rb8 10. Rb1 b6 11. b3 Bb7 12. Bb2 cxd4 13. exd4 d5 {[%emt 0:00:16] [#]} 14. Ba3 $146 ({Predecessor:} 14. cxd5 Nxd5 15. Nxd5 Qxd5 16. Ne5 Qd6 17. Nc4 Qd7 18. d5 exd5 19. Bxg7 Kxg7 20. Qxd5 Qxd5 21. Bxd5 {½-½ (60) Baasansuren,E (2229)-Hossain,E (2402) Tornelo INT 2021}) 14... dxc4 15. bxc4 Na5 16. Nd5 Nxd5 17. cxd5 Re8 18. dxe6 fxe6 19. Qe2 Rc8 20. Rbd1 Bd5 21. Ne5 Bxg2 22. Kxg2 Qd5+ 23. Qf3 Qxf3+ 24. Nxf3 Nc4 $11 25. Bc1 h6 26. h4 b5 27. d5 e5 28. Nd2 Nxd2 29. Rxd2 e4 30. d6 Red8 31. Rd5 Rc4 32. Rxb5 Rxd6 33. Rb8+ Kh7 34. Rb7 Kg8 35. Rxa7 Bd4 36. Ra8+ Kh7 37. Bf4 Re6 38. Re2 Rc3 39. Rd8 Bg7 40. Rd7 Kg8 41. Red2 Rc8 42. Ra7 Bf8 43. a4 Bc5 44. Rc2 Rec6 45. Rb7 Bf8 46. Rxc6 Rxc6 47. a5 Ra6 48. Bd2 Bc5 49. Rb5 Ba7 50. Bxh6 Rc6 51. Be3 Bxe3 52. fxe3 Rc2+ 53. Kh3 Rc3 54. a6 Ra3 55. Rb6 Kf7 56. Rb7+ Kf6 57. a7 Kf5 58. Rc7 Ra1 59. g4+ Ke5 60. h5 gxh5 61. gxh5 Kf5 62. h6 Ra3 63. h7 1-0

[Event "Vezerkepzo GM October 2021"]
[Site "Budapest"]
[Date "2021.10.15"]
[Round "2.3"]
[White "Ansat, Aldiyar"]
[Black "Sheng, Joshua"]
[Result "0-1"]
[ECO "B90"]
[WhiteElo "2408"]
[BlackElo "2464"]
[Annotator "ChessBase"]
[PlyCount "96"]
[EventDate "2021.10.14"]
[EventCountry "HUN"]
[SourceTitle "playchess.com"]
[Source "ChessBase"]
[SourceQuality "1"]
[TimeControl "40/5400+30:1800+30"]

1. e4 c5 2. Nf3 d6 3. d4 cxd4 4. Nxd4 Nf6 5. Nc3 a6 6. f3 e5 7. Nb3 Be6 8. Be3 h5 9. Qd2 Nbd7 10. Nd5 Bxd5 11. exd5 g6 12. O-O-O Nb6 13. Kb1 Nfxd5 14. Bg5 Be7 15. Bxe7 Qxe7 16. c4 Nf6 17. Qxd6 Qxd6 18. Rxd6 Nbd7 19. Be2 Ke7 20. Rhd1 a5 21. a4 Rhc8 22. g4 hxg4 23. fxg4 Rc7 24. h4 Rh8 25. h5 gxh5 26. gxh5 Nxh5 27. Nxa5 Ng3 28. R6d2 Nc5 29. Bf3 e4 30. b4 Nxa4 31. Rg1 exf3 32. Rxg3 Nc3+ 33. Kc2 Ne4 34. Rxf3 Nxd2 35. Re3+ Kf8 36. Kxd2 b6 37. Nb3 Rxc4 38. Kd3 Rxb4 39. Kc3 Rbh4 40. Re1 R8h5 41. Nd2 Rc5+ 42. Kb3 Rd4 43. Re2 f5 44. Rf2 Ke7 45. Rh2 Kf6 46. Rh6+ Kg5 47. Rh2 Rd3+ 48. Kb4 Kg4 0-1

[Event "Vezerkepzo GM October 2021"]
[Site "Budapest"]
[Date "2021.10.15"]
[Round "2.4"]
[White "Fogarasi, Tibor"]
[Black "Mahitosh Dey"]
[Result "1-0"]
[ECO "C77"]
[WhiteElo "2333"]
[BlackElo "2229"]
[Annotator "NA"]
[PlyCount "63"]
[EventDate "2021.10.14"]
[EventCountry "HUN"]
[SourceTitle "playchess.com"]
[Source "ChessBase"]
[SourceQuality "1"]
[TimeControl "40/5400+30:1800+30"]

1. e4 e5 2. Nf3 Nc6 3. Bb5 a6 4. Ba4 Nf6 5. d3 Bc5 6. Bg5 b5 7. Bb3 h6 8. Bh4 g5 9. Bg3 d6 10. c3 Bb6 11. a4 b4 12. Nbd2 a5 13. Nc4 Ba7 14. Ne3 Be6 15. O-O O-O 16. Nd5 bxc3 17. bxc3 Bxd5 18. exd5 Ne7 19. d4 e4 20. Nd2 Nexd5 21. Qc2 Kg7 22. Nxe4 Nxe4 23. Bxd5 f5 24. Bxa8 Qxa8 25. f3 Nxg3 26. hxg3 c5 27. Rad1 Qe8 28. Rfe1 cxd4 29. cxd4 Qf7 30. Qc6 Qf6 31. Qd5 Rb8 32. Re6 1-0

[Event "Vezerkepzo GM October 2021"]
[Site "Budapest"]
[Date "2021.10.15"]
[Round "2.5"]
[White "Krishna C R G"]
[Black "Nitish Belurkar"]
[Result "1/2-1/2"]
[ECO "E06"]
[WhiteElo "2478"]
[BlackElo "2351"]
[Annotator "ChessBase"]
[PlyCount "51"]
[EventDate "2021.10.14"]
[EventCountry "HUN"]
[SourceTitle "playchess.com"]
[Source "ChessBase"]
[SourceQuality "1"]
[TimeControl "40/5400+30:1800+30"]

1. d4 Nf6 2. c4 e6 3. g3 d5 4. Nf3 Be7 5. Bg2 O-O 6. O-O dxc4 7. Qc2 a6 8. a4 c5 9. dxc5 Bxc5 10. Nbd2 Ra7 11. Ng5 Nbd7 12. Nde4 h6 13. Nxc5 Nxc5 14. Be3 b6 15. Nf3 Nd5 16. Bxc5 bxc5 17. Ne5 Qf6 18. Nxc4 Rd8 19. Rfd1 Nb4 20. Qc3 Rxd1+ 21. Rxd1 Rd7 22. Rxd7 Bxd7 23. Ne5 Qe7 24. b3 Qd6 25. Bf3 Bc6 26. Nxc6 1/2-1/2

[Event "Vezerkepzo GM October 2021"]
[Site "Budapest"]
[Date "2021.10.16"]
[Round "3.2"]
[White "Mahitosh Dey"]
[Black "Krishna C R G"]
[Result "0-1"]
[ECO "C01"]
[WhiteElo "2229"]
[BlackElo "2478"]
[Annotator "ChessBase"]
[PlyCount "68"]
[EventDate "2021.10.14"]
[EventCountry "HUN"]
[SourceTitle "playchess.com"]
[Source "ChessBase"]
[SourceQuality "1"]
[TimeControl "40/5400+30:1800+30"]

1. e4 e6 2. d4 d5 3. exd5 exd5 4. Bf4 Nf6 5. Nf3 Bd6 6. Bxd6 Qxd6 7. Bd3 O-O 8. O-O Bg4 9. h3 Bxf3 10. Qxf3 Qb4 11. Nc3 Qxd4 12. Rad1 Qc5 13. b4 Qd6 14. Nxd5 Nxd5 15. Be4 c6 16. c4 f5 17. Rxd5 fxe4 18. Rxd6 exf3 19. Re1 Na6 20. Re7 Rf7 21. Rxf7 Kxf7 22. Rd7+ Kf6 23. Rxb7 Rb8 24. Rxa7 Nxb4 25. gxf3 Rb6 26. f4 Ra6 27. Rxa6 Nxa6 28. Kg2 Ke6 29. h4 Kd6 30. h5 Kc5 31. f5 Kxc4 32. Kf3 Kd5 33. Kf4 h6 34. a4 Kd4 0-1

[Event "Vezerkepzo GM October 2021"]
[Site "Budapest"]
[Date "2021.10.16"]
[Round "3.3"]
[White "Sheng, Joshua"]
[Black "Fogarasi, Tibor"]
[Result "1-0"]
[ECO "B48"]
[WhiteElo "2464"]
[BlackElo "2333"]
[Annotator "ChessBase"]
[PlyCount "85"]
[EventDate "2021.10.14"]
[EventCountry "HUN"]
[SourceTitle "playchess.com"]
[Source "ChessBase"]
[SourceQuality "1"]
[TimeControl "40/5400+30:1800+30"]

1. e4 c5 2. Nf3 e6 3. d4 cxd4 4. Nxd4 Nc6 5. Nc3 Qc7 6. Be3 a6 7. Qf3 Nf6 8. O-O-O Rb8 9. Be2 d6 10. Qg3 Bd7 11. f4 b5 12. e5 dxe5 13. fxe5 b4 14. Ncb5 axb5 15. exf6 Qxg3 16. hxg3 gxf6 17. Nxb5 Ne5 18. Nc7+ Kd8 19. Na6 Ra8 20. Rh4 Kc8 21. Kb1 Bc6 22. Nxb4 Bxg2 23. Nd3 Bd5 24. c4 Bc6 25. Bd4 Be7 26. Nxe5 fxe5 27. Bxe5 Bxh4 28. Bxh8 Bxg3 29. b4 Kc7 30. Bf6 Ra3 31. b5 Bf3 32. Bxf3 Rxf3 33. Bd8+ Kc8 34. Be7 h5 35. c5 h4 36. c6 Bc7 37. Bxh4 Rf5 38. a4 Rf4 39. Be7 Rxa4 40. Rg1 Be5 41. Rg5 f5 42. Rg6 Re4 43. b6 1-0

[Event "Vezerkepzo GM October 2021"]
[Site "Budapest"]
[Date "2021.10.16"]
[Round "4.1"]
[White "Srihari L R"]
[Black "Galyas, Miklos"]
[Result "1/2-1/2"]
[ECO "A81"]
[WhiteElo "2414"]
[BlackElo "2449"]
[Annotator "NA"]
[PlyCount "68"]
[EventDate "2021.10.14"]
[EventCountry "HUN"]
[SourceTitle "playchess.com"]
[Source "ChessBase"]
[SourceQuality "1"]
[TimeControl "40/5400+30:1800+30"]

1. d4 f5 2. g3 Nf6 3. Bg2 g6 4. Nf3 Bg7 5. O-O O-O 6. b3 d6 7. Bb2 Qe8 8. c4 Na6 9. Nc3 e5 10. dxe5 dxe5 11. e4 f4 12. Nd5 c6 13. Nxf6+ Bxf6 14. Qd6 Bg4 15. Nxe5 f3 16. Qxf6 Rxf6 17. Nxg4 Re6 18. Bh3 Nc5 19. e5 Qe7 20. Rad1 Rd8 21. Nf6+ Kf7 22. Bxe6+ Qxe6 23. Nxh7 Ke7 24. Ng5 Qf5 25. Ba3 Qxg5 26. Bxc5+ Ke8 27. Rxd8+ Kxd8 28. Bxa7 Qf5 29. Kh1 Ke7 30. Be3 Qc2 31. c5 Qxa2 32. h3 Qxb3 33. Kh2 Ke6 34. Re1 Qc3 1/2-1/2

[Event "Vezerkepzo GM October 2021"]
[Site "Budapest"]
[Date "2021.10.16"]
[Round "4.4"]
[White "Krishna C R G"]
[Black "Sheng, Joshua"]
[Result "1/2-1/2"]
[ECO "A05"]
[WhiteElo "2478"]
[BlackElo "2464"]
[Annotator "ChessBase"]
[PlyCount "132"]
[EventDate "2021.10.14"]
[EventCountry "HUN"]
[SourceTitle "playchess.com"]
[Source "ChessBase"]
[SourceQuality "1"]
[TimeControl "40/5400+30:1800+30"]

1. Nf3 Nf6 2. d4 d5 3. c4 e6 4. e3 Be7 5. Bd3 O-O 6. O-O b6 7. cxd5 exd5 8. Nc3 Bb7 9. b3 Nbd7 10. Bb2 Re8 11. Rc1 a6 12. Ne2 Bd6 13. Qc2 c5 14. Ng3 a5 15. Bb5 Ba6 16. Bxa6 Rxa6 17. Rfd1 a4 18. Ne2 Qa8 19. Nc3 axb3 20. axb3 Rc8 21. dxc5 bxc5 22. Qf5 Nb6 23. Nb5 Be7 24. Ng5 g6 25. Qe5 Bd8 26. Nxf7 Nbd7 27. Nh6+ Kf8 28. Qg5 Qb8 29. Bxf6 Nxf6 30. Nc3 Ng8 31. Qxd5 Nxh6 32. Ne4 Be7 33. Nxc5 Bxc5 34. Rxc5 Nf7 35. Rxc8+ Qxc8 36. h4 Qc2 37. Qd3 Qxd3 38. Rxd3 Ne5 39. Rd4 Ra2 40. Rf4+ Kg7 41. f3 Rb2 42. Re4 Nd3 43. Re7+ Kg8 44. Kf1 h5 45. Rd7 Rxb3 46. Rd5 Nb2 47. Rg5 Kf7 48. g4 hxg4 49. h5 gxh5 50. fxg4 hxg4 51. Rxg4 Rxe3 52. Kf2 Nd1+ 53. Kf1 Re5 54. Rd4 Ne3+ 55. Kf2 Kf6 56. Rf4+ Kg5 57. Kf3 Nd5 58. Rg4+ Kf5 59. Rd4 Nf6 60. Rf4+ Kg5 61. Ra4 Rb5 62. Ke3 Kf5 63. Ra7 Rb4 64. Ra5+ Ke6 65. Kd3 Nd5 66. Ra8 Ke5 1/2-1/2

[Event "Vezerkepzo GM October 2021"]
[Site "Budapest"]
[Date "2021.10.16"]
[Round "4.5"]
[White "Nitish Belurkar"]
[Black "Mahitosh Dey"]
[Result "1/2-1/2"]
[ECO "C78"]
[WhiteElo "2351"]
[BlackElo "2229"]
[Annotator "NA"]
[PlyCount "175"]
[EventDate "2021.10.14"]
[EventCountry "HUN"]
[SourceTitle "playchess.com"]
[Source "ChessBase"]
[SourceQuality "1"]
[TimeControl "40/5400+30:1800+30"]

1. e4 e5 2. Nf3 Nc6 3. Bb5 a6 4. Ba4 Nf6 5. O-O b5 6. Bb3 Bb7 7. d3 Bc5 8. a4 b4 9. Be3 d6 10. a5 O-O $16 11. Nbd2 Qe7 12. Bxc5 dxc5 13. Nc4 Rad8 14. Ne3 Bc8 15. Bc4 Nd4 16. c3 Nxf3+ 17. Qxf3 g6 18. Rac1 Rd6 19. Qe2 Nh5 20. Nd5 Qg5 21. Qe3 Nf4 22. g3 bxc3 23. Rxc3 Bh3 24. Re1 Ne6 25. Qxg5 Nxg5 26. Re3 c6 27. Nb6 Bc8 28. h4 Ne6 29. Bxe6 Bxe6 30. Rxc5 Rfd8 31. Rc3 Rd4 32. Kf1 Rb4 33. Re2 Rb5 34. Ra3 c5 35. Rc2 Bb3 36. Rc3 Be6 37. Rc2 Bb3 38. Rc3 Be6 39. b3 Rd4 40. Na4 Bxb3 41. Nxc5 Bc4 42. Nd7 Be6 43. Nf6+ Kg7 44. Ne8+ Kh6 45. Nc7 Bh3+ 46. Ke2 Rb2+ 47. Ke3 Bg4 48. f3 Bh3 49. Rc1 Bc8 50. f4 f6 51. Nd5 Bg4 52. Re1 Rg2 53. Nxf6 Rxg3+ 54. Kd2 exf4 55. Nd5 f3 56. Rf1 Be6 57. Ke3 Rxd5 58. exd5 Bxd5 59. Rc3 Rg2 60. Rf2 Rg1 61. Rc5 Bb7 62. Rc7 Rb1 63. Kd4 Rb5 64. Rh2 Ba8 65. Rc5 Rxc5 66. Kxc5 Kh5 67. Kd4 Kg4 68. Ke3 Kg3 69. Rh1 Bc6 70. Rg1+ Kxh4 71. Kf2 g5 72. Rh1+ Kg4 73. Rxh7 Bb5 74. d4 Kf4 75. Rg7 g4 76. d5 Ke5 77. Rg5+ Kd6 78. Ke3 Bc4 79. Rxg4 f2 80. Kxf2 Kxd5 81. Ke3 Kc5 82. Kd2 Kb5 83. Kc3 Bf1 84. Rf4 Be2 85. Re4 Bf1 86. Rf4 Be2 87. Rf5+ Ka4 88. Re5 1/2-1/2